 Dungeon Crawl Stone Soup version 0.29-a0-284-gf9362112df (webtiles) character file.

Game seed: 9186411421384654499

13294 zazu2006 the Covert (level 12, 0/109 HPs)
             Began as a Naga Hedge Wizard on Mar 19, 2022.
             Was a Priest of Vehumet.
             Hit by a large rock thrown by a stone giant (52 damage)
             ... in a volcano.
             The game lasted 00:41:25 (16304 turns).

zazu2006 the Covert (Naga Hedge Wizard)            Turns: 16304, Time: 00:41:25

Health: 0/109      AC:  7    Str: 10    XL:     12   Next: 4%
Magic:  33/33      EV: 10    Int: 21    God:    Vehumet [***...]
Gold:   583        SH:  0    Dex: 11    Spells: 18/27 levels left

rFire   + . .      SeeInvis +   z - +8 mace of Distant Shores {speed, rElec Will++ Str-4 Int+3}
rCold   . . .      Faith    .   v - orb {*channel}
rNeg    . . .      Spirit   .   l - +1 leather armour
rPois   +          Reflect  .   c - +0 hat
rElec   +          Harm     .   I - scarf {repulsion}
rCorr   .          Rampage  .   (no gloves)
Will    +++..                   (no barding)
Stlth   ++++......              (no amulet)
HPRegen 0.28/turn               A - ring of protection from fire
MPRegen 0.23/turn               N - ring of magical power

@: invisible, repel missiles, very slow
A: AC +4, large, see invisible, deformed body, poison resistance, slowness 2,
spit poison 1, naga tail 1
a: Spit Poison, Renounce Religion


You were in a volcano.
You worshipped Vehumet.
Vehumet was most pleased with you.
You visited 2 branches of the dungeon, and saw 11 of its levels.
You also visited: Ossuary and Volcano.

You collected 583 gold pieces.

Inventory:

Hand Weapons
 w - the +3 spear of Tomorrow {pain, rPois SInv}
   (You took it off an orc on level 2 of the Dungeon)

   In the hands of one skilled in necromantic magic, it inflicts extra damage on
   living creatures.
   rPois:     It protects you from poison.
   SInv:      It lets you see invisible.
 y - a +3 short sword of holy wrath
 z - the +8 mace of Distant Shores (weapon) {speed, rElec Will++ Str-4 Int+3}
   (You found it on level 2 of the Dungeon)

   Attacks with this weapon are significantly faster.
   Str:       It affects your strength (-4).
   Int:       It affects your intelligence (+3).
   rElec:     It insulates you from electricity.
   Will:      It greatly increases your willpower.
 M - a +1 scimitar of flaming
Missiles
 q - a throwing net
Armour
 c - a +0 hat (worn)
 l - a +1 leather armour (worn)
 n - +0 swamp dragon scales
 v - an orb of energy (worn)
 F - a +0 kite shield
 I - a scarf of repulsion (worn)
Magical Staves
 e - a staff of fire
Jewellery
 b - a ring of protection from cold
 d - a +6 ring of intelligence
 i - an amulet of faith
 A - a ring of protection from fire (left hand)
 N - a ring of magical power (right hand)
 O - a ring of magical power
Wands
 u - a wand of acid (1)
 x - a wand of flame (54)
 G - a wand of polymorph (6)
 R - a wand of paralysis (5)
Scrolls
 f - 2 scrolls of enchant weapon
 p - 3 scrolls of amnesia
 B - a scroll of brand weapon
 D - a scroll of immolation
 E - 2 scrolls of teleportation
 H - a scroll of fog
 L - a scroll of vulnerability
 P - 2 scrolls of identify
 Q - a scroll of magic mapping
Potions
 a - a potion of berserk rage
 g - 4 potions of heal wounds
 h - 3 potions of cancellation
 j - 2 potions of invisibility
 m - 4 potions of degeneration
 o - 10 potions of curing
 r - 2 potions of attraction
 s - 4 potions of mutation
 t - a potion of brilliance
 C - 4 potions of lignification
 J - a potion of flight
 K - a potion of haste


   Skills:
 + Level 7.0 Fighting
 + Level 4.7 Armour
 + Level 4.9 Dodging
 + Level 11.2 Stealth
 + Level 3.9 Shields
 + Level 8.4 Spellcasting
 + Level 7.0 Conjurations
 + Level 1.0 Summonings
 + Level 2.3 Translocations
 + Level 1.7 Fire Magic
 + Level 3.7 Air Magic
 + Level 6.6 Poison Magic
 + Level 1.3 Evocations


You had 18 spell levels left.
You knew the following spells:

 Your Spells              Type           Power      Damage    Failure   Level
a - Magic Dart            Conj           100%       1d8       1%          1
b - Mephitic Cloud        Conj/Pois/Air  33%        N/A       1%          3
c - Conjure Flame         Conj/Fire      27%        6-21      1%          3
d - Blink                 Tloc           36%        N/A       6%          2

Your spell library contained the following spells:

 Spells                   Type           Power      Damage    Failure   Level
 Frozen Ramparts          Ice            16%        1d3       9%          3
 Dazzling Flash           Conj/Hex       46%        N/A       1%          3
 Iskenderun's Mystic Bla  Conj/Tloc      28%        2d7       4%          4
 Inner Flame              Hex/Fire       12%        N/A       6%          3
 Corpse Rot               Necr/Air       32%        N/A       7%          2
 Hailstorm                Conj/Ice       23%        3d7       7%          4
 Slow                     Hex            32%        N/A       10%         1
 Call Imp                 Summ           13%        N/A       10%         2
 Sublimation of Blood     Necr           8%         N/A       16%         2
 Wereblood                Tmut           8%         N/A       16%         2
 Starburst                Conj/Fire      13%        6d6       52%         6
 Cause Fear               Hex            4%         N/A       69%         4
 Dispel Undead            Necr           8%         3d8       69%         4
 Ice Form                 Ice/Tmut       8%         N/A       69%         4
 Death Channel            Necr           4%         N/A       100%        6
 Simulacrum               Ice/Necr       4%         N/A       100%        6
 Summon Hydra             Summ           6%         N/A       100%        7
 Discord                  Hex            4%         N/A       100%        8


Dungeon Overview and Level Annotations

Branches:
Dungeon (10/15)            Temple (0/1) D:6            Lair (1/6) D:8
Ossuary (visited)         Volcano (1/1)
    Orc: D:9-12

Altars:
Ashenzari
Cheibriados
Dithmenos
Fedhas
Makhleb
Nemelex Xobeh
Okawaru
Sif Muna
Uskayaw
Vehumet
Xom
Yredelemnul

Shops:
D:8 *

Annotations:
D:9 1 runed translucent door, Hubris850's ghost, novice DESu
Lair:1 Urug


Innate Abilities, Weirdness & Mutations

Your serpentine skin is tough. (AC +4)
You have supernaturally acute eyesight. (SInv)
Armour fits poorly on your strangely shaped body.
Your system is resistant to poisons. (rPois)
You cover ground very slowly.
You can spit poison.
You have a snake-like lower body.


Message History

The earth elemental hits you!
You barely miss the earth elemental.
The earth elemental is moderately damaged.
You hit the earth elemental.
The earth elemental is moderately damaged.
The earth elemental hits you!!
* * * LOW HITPOINT WARNING * * *
You hit the earth elemental.
The earth elemental is heavily damaged.
You barely miss the earth elemental.
The earth elemental is heavily damaged.
The earth elemental hits you.
* * * LOW HITPOINT WARNING * * *
Casting: Blink (safe; 6% risk of failure)
Confirm with . or Enter, or press ? or * to list all spells.
You blink.
Found a rocky tunnel leading out of this place.
The air gets thick with the scent of sulphur.
Casting: Blink (safe; 6% risk of failure)
Confirm with . or Enter, or press ? or * to list all spells.
Okay, then.
You feel much better.
In the distance, the volcano erupts with a roar.
The earth elemental completely misses you.
You feel stable enough to blink again. The earth elemental closely misses you.
Press: ? - help, v - describe, . - travel The floor, spattered with blood.
Found seven items.
Found a rocky tunnel leading out of this place.
A stone giant comes into view.
You see here a potion of invisibility.
Okay, then.
You fade into invisibility!
You see here a potion of invisibility.
j - 2 potions of invisibility (gained 1)
You feel a little less mighty now. The stone giant hits you.
The stone giant throws a large rock.
The large rock hits you!!!
You die...

## ###....§≈≈§.≈ ##°
##....≈≈≈≈≈≈§≈ #°°#
#....≈≈≈§≈≈§≈≈ ##§§≈##
##...§≈§≈≈§≈§≈ #≈§≈≈§##
#....≈§§≈≈≈≈≈≈ #≈.![≈≈#
###.....≈≈≈§≈§
#$..$∩#####.......≈≈≈≈.≈
#[)[C.##..###..........
##.E##@.### #####.#####
######## #####.##
#.#∩#E# #...###
###.§...## #§≈§...≈≈#
##≈≈≈≈≈≈## ##§≈≈≈##
#≈≈###


You could see a stone giant (can't see you).

Vanquished Creatures
  2 two-headed ogres
  Erica (D:8)
  A skeletal warrior (D:7)
  Pikel (D:5)
  2 manticores
  An ugly thing (D:7)
  Maurice (D:8)
  2 unseen horrors (D:7)
  Maggie (D:8)
  A komodo dragon (D:10)
  A kobold demonologist (D:7)
  A troll (D:10)
  A hornet (D:9)
  Grinder (D:6)
  A shadow (D:10)
  13 yaks
  Sigmund (D:5)
  A wraith (Ossuary)
  3 wyverns
  A steam dragon (D:8)
  Edmund (D:6)
  An acid dragon (D:7)
  A water moccasin (D:8)
  2 sky beasts
  Duvessa (D:7)
  A black bear (D:7)
  5 orc warriors
  An ogre (D:7)
  3 centaurs
  A phantom (D:7)
  2 lemures (D:5)
  2 kobold brigands
  An elf zombie (Ossuary)
  5 bullfrogs
  A necrophage (D:2)
  2 scorpions
  7 wights
  Dowan (D:7)
  6 killer bees (D:10)
  A howler monkey (D:5)
  11 orc priests
  Crazy Yiuf (D:5)
  3 hounds
  3 jellies
  4 iguanas
  19 orc wizards
  3 mummies (Ossuary)
  6 adders
  3 white imps
  2 ufetubi
  3 worms
  5 dart slugs
  44 orcs
  11 endoplasms
  A giant cockroach (D:1)
  7 goblins
  5 hobgoblins
  4 jackals (D:2)
  9 kobolds
  2 quokkas
  11 ball pythons
  5 bats
  3 frilled lizards
  4 goblin zombies (Ossuary)
  4 hobgoblin zombies (Ossuary)
  2 kobold zombies (Ossuary)
  5 rats
262 creatures vanquished.

Notes
Turn   | Place    | Note
-------+----------+-------------------------------------------
     0 | D:1      | zazu2006 the Naga Hedge Wizard began the quest for the Orb.
     0 | D:1      | Reached XP level 1. HP: 15/15 MP: 4/4
   101 | D:1      | Found a faded altar of an unknown god.
   367 | D:1      | Reached XP level 2. HP: 22/22 MP: 0/6
   977 | D:2      | Reached XP level 3. HP: 8/28 MP: 0/8
   981 | D:2      | Learned a level 3 spell: Mephitic Cloud
   985 | D:2      | Learned a level 3 spell: Conjure Flame
   988 | D:2      | Learned a level 2 spell: Blink
  1459 | D:2      | Noticed a necrophage
  1533 | D:2      | Reached XP level 4. HP: 26/36 MP: 0/10
  1852 | D:2      | Identified the +3 spear of Tomorrow {pain, rPois SInv}
  2389 | D:2      | Killed a necrophage
  2390 | D:2      | Reached skill level 1 in Armour
  2390 | D:2      | Reached XP level 5. HP: 40/42 MP: 1/11
  2514 | D:2      | Identified the +8 mace of Distant Shores {speed, rElec
                  | Will++ Str-4 Int+3}
  2533 | D:2      | Identified the +2 ring mail "Xeyho" {-Tele rPois Stlth+}
  2861 | D:3      | Reached XP level 6. HP: 30/50 MP: 9/13
  3633 | D:4      | Found an iron altar of Okawaru.
  3745 | D:4      | Reached skill level 1 in Fighting
  4098 | D:4      | Noticed a yak
  4098 | D:4      | Noticed a yak
  4103 | D:4      | Noticed a yak
  4105 | D:4      | Noticed a yak
  4106 | D:4      | Noticed a yak
  4120 | D:4      | Killed a yak
  4121 | D:4      | Reached skill level 4 in Stealth
  4121 | D:4      | Reached skill level 1 in Shields
  4121 | D:4      | Reached skill level 5 in Spellcasting
  4121 | D:4      | Reached skill level 1 in Poison Magic
  4121 | D:4      | Reached XP level 7. HP: 36/57 MP: 1/14
  4129 | D:4      | Killed a yak
  4133 | D:4      | Killed a yak
  4141 | D:4      | Killed a yak
  4142 | D:4      | Reached XP level 8. HP: 44/64 MP: 8/16
  4150 | D:4      | Killed a yak
  4151 | D:4      | Reached skill level 5 in Stealth
  5242 | D:5      | Entered Level 5 of the Dungeon
  5270 | D:5      | Noticed Sigmund
  5307 | D:5      | Killed Sigmund
  5527 | D:5      | Found a hide-covered altar of Uskayaw.
  5532 | D:5      | Found a radiant altar of Vehumet.
  5536 | D:5      | Became a worshipper of Vehumet
  5538 | D:5      | Found a blossoming altar of Fedhas.
  5539 | D:5      | Found a shimmering blue altar of Sif Muna.
  5539 | D:5      | Found a shimmering altar of Xom.
  5539 | D:5      | Found a snail-covered altar of Cheibriados.
  5539 | D:5      | Found a broken altar of Ashenzari.
  5540 | D:5      | Found a basalt altar of Yredelemnul.
  5542 | D:5      | Found a sparkling altar of Nemelex Xobeh.
  5543 | D:5      | Found a burning altar of Makhleb.
  5544 | D:5      | Found a shadowy altar of Dithmenos.
  5701 | D:5      | Noticed Pikel
  5726 | D:5      | Killed Pikel
  5727 | D:5      | Reached skill level 6 in Stealth
  5727 | D:5      | Reached skill level 1 in Air Magic
  5727 | D:5      | Reached XP level 9. HP: 32/76 MP: 9/17
  5937 | D:5      | Found a runed translucent door.
  5938 | D:5      | Noticed Crazy Yiuf
  6587 | D:5      | Killed Crazy Yiuf
  6796 | D:6      | Noticed a manticore
  6983 | D:6      | Found a staircase to the Ecumenical Temple.
  6993 | D:6      | Reached skill level 5 in Poison Magic
  6996 | D:6      | Reached skill level 7 in Stealth
  7227 | D:6      | Killed a manticore
  7415 | D:6      | Noticed Grinder
  7429 | D:6      | Killed Grinder
  7430 | D:6      | Reached skill level 5 in Conjurations
  7430 | D:6      | Reached XP level 10. HP: 81/85 MP: 19/19
  7519 | D:6      | Identified the +1 robe "Ruqok" {Dex+3 Slay-5}
  7631 | D:6      | Reached * piety under Vehumet
  7631 | D:6      | Offered knowledge of Sandblast by Vehumet.
  7794 | D:6      | Noticed Edmund
  7810 | D:6      | Killed Edmund
  8536 | D:7      | Noticed Duvessa
  8536 | D:7      | Noticed Dowan
  8548 | D:7      | Killed Duvessa
  8554 | D:7      | Killed Dowan
  8562 | D:7      | Reached skill level 8 in Stealth
  8567 | D:7      | Reached skill level 1 in Evocations
  8678 | D:7      | Noticed a manticore
  8695 | D:7      | Killed a manticore
  8697 | D:7      | Noticed a green ugly thing
  8699 | D:7      | Noticed a two-headed ogre
  8816 | D:7      | Reached skill level 5 in Fighting
  8959 | D:7      | Noticed a skeletal warrior
  8998 | D:7      | Killed a two-headed ogre
  9132 | D:7      | Noticed an unseen horror
  9144 | D:7      | Killed an unseen horror
  9193 | D:8      | Reached skill level 9 in Stealth
  9193 | D:8      | Reached skill level 1 in Fire Magic
  9195 | D:8      | Noticed a fire dragon
  9297 | D:8      | Found a staircase to the Lair.
  9303 | D:8      | Noticed Maggie
  9317 | D:8      | Killed Maggie
  9333 | D:8      | Found a sand-covered staircase.
  9338 | D:8      | Found Akekhlom's Assorted Antiques.
  9340 | Ossuary  | Entered an ossuary
 10151 | Ossuary  | Offered knowledge of Freeze by Vehumet.
 10235 | D:8      | Reached ** piety under Vehumet
 10364 | D:7      | Noticed a kobold demonologist
 10378 | D:7      | Killed a kobold demonologist
 10387 | D:7      | HP: 4/88 [acid dragon/splash of acid (31)]
 10389 | D:7      | Reached XP level 11. HP: 5/96 MP: 22/22
 11504 | D:8      | Noticed Maurice
 11515 | D:8      | Killed Maurice
 11922 | D:8      | Noticed Erica
 11934 | D:8      | Reached skill level 10 in Stealth
 11938 | D:8      | Killed Erica
 12321 | D:9      | Noticed a two-headed ogre
 12330 | D:9      | Killed a two-headed ogre
 12632 | D:10     | Entered Level 10 of the Dungeon
 12648 | D:10     | Offered knowledge of Scorch by Vehumet.
 13346 | D:10     | Reached skill level 11 in Stealth
 13447 | D:10     | Reached *** piety under Vehumet
 13522 | D:10     | Noticed a two-headed ogre
 14462 | D:9      | Offered knowledge of Frozen Ramparts by Vehumet.
 14741 | D:9      | Found a runed translucent door.
 14749 | D:9      | Noticed Hubris850's ghost (novice DESu)
 15019 | D:7      | Killed a skeletal warrior
 15475 | D:7      | Killed a green ugly thing
 15476 | D:7      | Reached XP level 12. HP: 91/106 MP: 24/24
 16133 | Lair:1   | Entered Level 1 of the Lair of Beasts
 16135 | Lair:1   | Noticed Urug
 16144 | Lair:1   | HP: 3/109 [black mamba (17)]
 16206 | Lair:1   | Found a dark tunnel.
 16215 | Volcano  | Entered a volcano
 16293 | Volcano  | Noticed a stone giant
 16304 | Volcano  | Hit by a large rock thrown by a stone giant

Illustrated notes

Levels and vault maps discovered:
D:1:      dpeg_arrival_rhombus, layout_rooms,
          hellmonk_ecumenical_altar_lost_god, grunt_decor_fettered
D:2:      layout_rooms
D:3:      layout_loops_ring
D:4:      layout_basic, okawaru_ov_weapons_minmay, serial_co_window_serial,
          co_window_corner_a, co_window_of_opportunity_a, co_window_corner_a,
          co_window_paths_a, co_window_corner_a, co_window_corner_a,
          co_window_corner_a, co_window_corner_b, co_window_unsneaky_path_a,
          co_window_corner_b, co_window_of_opportunity_b,
          co_window_of_opportunity_c, glass_columns_a, glass_columns_a,
          glass_columns_a, glass_columns_a
D:5:      layout_rooms, minitemple, uniq_pikel, uniq_crazy_yiuf_cottage,
          uniq_sigmund
D:6:      layout_cave_pods, minmay_temple_entry_stoned_glass, uniq_edmund,
          uniq_grinder
D:7:      minmay_the_grid_four_pointed_star
          [minmay_the_grid_triangle_9x9_shrine,
          minmay_the_grid_triangle_9x9_zippers_vertical,
          minmay_the_grid_triangle_9x9_semitri,
          minmay_the_grid_triangle_9x9_flanged_cone,
          minmay_the_grid_prize_inner_circle], layout_cave_pods, uniq_duvessa
D:8:      layout_gridville, minmay_lair_entry_lava, enter_ossuary_1,
          serial_shops, nicolae_shop_crystal, uniq_maggie, uniq_erica,
          uniq_maurice
D:9:      layout_basic, ebering_ghost_reflecting_pool
D:10:     layout_rooms, special_room [special_room_orc], chequers_mini_garden,
          hangedman_decor_points
Lair:1:   gammafunk_cloud_chamber, layout_cave_pods,
          nicolae_volcano_entry_hallway, portal_ice_cave_entry_imps,
          infiniplex_staircase_pool_2, grunt_megastairs_3, uniq_urug
Volcano:  volcano_pools

Skill      XL: |  1  2  3  4  5  6  7  8  9 10 11 12 |
---------------+-------------------------------------+-----
Spellcasting   | 4 5 6 7 8 |  8.4
Armour         | 1 2 3 4 |  4.7
Conjurations   | 2 3 4 5 7 |  7.0
Dodging        | 2 3 4 |  4.9
Fighting       | 1 3 4 5 6 7 |  7.0
Stealth        | 4 6 7 9 11 | 11.2
Shields        | 1 3 |  3.9
Poison Magic   | 1 2 4 5 6 |  6.6
Air Magic      | 1 2 3 |  3.7
Evocations     | 1 |  1.3
Fire Magic     | 1 |  1.7
Translocations | 2 |  2.3
Summonings     | |  1.0

Action                   |  1- 3 |  4- 6 |  7- 9 | 10-12 || total
-------------------------+-------+-------+-------+-------++-------
Melee: Staff             |    17 |       |       |       ||    17
       Spear             |       |     6 |       |       ||     6
       Mace              |       |    33 |   173 |   500 ||   706
 Cast: Magic Dart        |    74 |    99 |    14 |    96 ||   283
       Mephitic Cloud    |       |     4 |    23 |    46 ||    73
       Conjure Flame     |       |     2 |       |     8 ||    10
       Blink             |       |       |       |    14 ||    14
 Abil: Spit Poison       |     7 |     3 |     8 |    25 ||    43
Evoke: Wand              |       |       |     2 |     7 ||     9
  Use: Potion            |       |       |     1 |    11 ||    12
       Scroll            |       |       |       |    33 ||    33
 Stab: Sleeping          |       |     1 |     4 |    10 ||    15
       Confused          |       |       |     7 |    32 ||    39
Armor: Leather armour    |     5 |    11 |    35 |   154 ||   205
Dodge: Dodged            |    24 |    15 |    79 |   287 ||   405
       Repelled          |       |       |     1 |     1 ||     2

Table legend: (Time is in decaauts)
 A = Elapsed time spent in this place.
 B = Non-inter-level travel time spent in this place.
 C = Inter-level travel time spent in this place.
 D = Time resting spent in this place.
 E = Time spent auto-exploring this place.
 F = Levels seen in this place.
 G = Mean time per level.
                   A        B        C        D        E       F      G
               +--------+--------+--------+--------+--------+-----+--------+
         Total |  18972 |  18378 |    594 |   2176 |  12877 |  13 | 1459.4 |
       Dungeon |  17737 |  17143 |    594 |   1934 |  12325 |  10 | 1773.7 |
          Lair |    105 |    105 |      0 |      0 |      0 |   1 |  105.0 |
       Ossuary |   1013 |   1013 |      0 |    242 |    552 |   1 | 1013.0 |
       Volcano |    117 |    117 |      0 |      0 |      0 |   1 |  117.0 |
               +--------+--------+--------+--------+--------+-----+--------+

Top non-repeatable levels by time:
     D:7: 3190 daAuts
     D:4: 2130 daAuts
     D:2: 2122 daAuts
     D:9: 2050 daAuts
     D:6: 1954 daAuts
     D:5: 1727 daAuts
     D:8: 1406 daAuts
     D:3: 1226 daAuts
    D:10: 1027 daAuts
 Ossuary: 1013 daAuts
     D:1: 900 daAuts
 Volcano: 117 daAuts
  Lair:1: 105 daAuts
